AoeStats
← Wolfie

Arena

510088842Analyzed
4v4 RM · 4d ago on Sep 29, 2026· 44m 49s· 8 players
Game mode
Random Map
Map size
Large (8 player)
Population
200
Speed
Normal
Resources
Standard
Victory
Conquest
Starting age
Dark Age
Ending age
Imperial Age
RankedLock teamsTeams togetherTeam positionsShared explorationLock speedFull tech treeHidden civsTurbo modeCheats
Victory
Defeat
🇨🇳 Danes · China
1149
+12
🇨🇳 Saxons · China
1054
+16
🇨🇳 Cumans · China
1031
+17
🇨🇳 Varangians · China
924
+21
🇸🇪 Danes · Sweden
1095
-18
🇦🇷 Poles · Argentina
1063
-17
🇳🇴 Saxons · Norway
1040
-16
🇧🇷 Teutons · Brazil
1016
-15
Wolfie
11:07 Feudal Age
13:15 Double-Bit Axe
15:54 Castle Age
14:20 Stone Mining
14:40 Horse Collar
19:19 Bow Saw
19:21 Scale Mail Armor
20:31 Arson
21:04 Squires
26:55 Forging
30:49 Chain Mail Armor
34:21 Wheelbarrow
33:31 Loom
34:37 Town Watch
34:56 Heavy Plow
37:57 Imperial Age
36:03 Hand Cart
36:23 Gold Mining
36:50 Pikeman
37:15 Gambesons
38:10 Iron Casting
37:25 Fletching
36:59 Hamask
38:43 Gold Shaft Mining
37:57 Elite Varangian Guard
39:06 Conscription
Warmommy
8:38 Loom
10:45 Feudal Age
11:28 Double-Bit Axe
12:09 Gold Mining
12:27 Stone Mining
13:53 Horse Collar
20:59 Castle Age
19:40 Wheelbarrow
18:50 Town Watch
20:14 Bloodlines
19:54 Arson
20:20 Man-at-Arms
22:17 Bow Saw
22:11 Heavy Plow
22:49 Gold Shaft Mining
24:00 Hand Cart
24:13 Squires
24:31 Scale Mail Armor
25:12 Gambesons
26:28 Clerical Recruitment
28:07 Forging
you go die
11:22 Feudal Age
12:27 Double-Bit Axe
13:49 Gold Mining
16:07 Castle Age
14:16 Stone Mining
14:53 Horse Collar
15:35 Forging
17:28 Loom
18:18 Wheelbarrow
25:44 Heavy Plow
28:01 Szlachta Privileges
28:14 Bloodlines
30:39 Scale Barding Armor
31:39 Hand Cart
31:10 Town Watch
35:02 Imperial Age
33:37 Husbandry
34:25 Scale Mail Armor
35:00 Iron Casting
35:38 Chain Mail Armor
35:43 Chain Barding Armor
35:26 Elite Obuch
37:49 Blast Furnace
36:40 Fletching
36:50 Padded Archer Armor
36:36 Cavalier
38:21 Crop Rotation
38:54 Chemistry
38:15 Ballistics
38:39 Lechitic Legacy
ERJ1919
0:34 Loom
9:16 Feudal Age
17:02 Double-Bit Axe
16:58 Horse Collar
22:53 Castle Age
22:28 Gold Mining
22:31 Stone Mining
33:13 Bow Saw
33:06 Heavy Plow
36:43 Fortified Wall
37:39 Town Watch
39:12 Wheelbarrow
83716497273
10:35 Feudal Age
14:09 Castle Age
11:56 Horse Collar
13:13 Double-Bit Axe
15:27 Bow Saw
24:40 Wheelbarrow
24:14 Gold Mining
24:30 Heavy Plow
25:10 Stone Mining
25:35 Loom
26:06 Hand Cart
25:38 Town Watch
26:43 Stone Shaft Mining
26:14 Treadmill Crane
26:56 Town Patrol
27:38 Fortified Wall
28:23 Fletching
29:41 Bodkin Arrow
29:43 Murder Holes
30:09 Squires
30:42 Ballistics
33:30 Imperial Age
30:52 Pikeman
33:38 Scale Mail Armor
33:49 Forging
34:38 Bracer
36:14 Chain Mail Armor
36:34 Iron Casting
37:42 Two-Man Saw
37:14 Crop Rotation
37:26 Iron Casting
38:05 Plate Mail Armor
38:31 Halberdier
40:14 Elite Varangian Guard
40:39 Gambesons
40:39 Arson
41:56 Blast Furnace
41:20 Conscription
40:51 Capped Ram
42:26 Siege Ram
45:07 Siege Engineers
kiyohime
1:55 Loom
10:16 Feudal Age
11:34 Wheelbarrow
11:29 Double-Bit Axe
11:27 Horse Collar
17:27 Town Watch
20:27 Gold Mining
20:28 Stone Mining
24:16 Castle Age
21:51 Man-at-Arms
22:17 Arson
22:45 Forging
22:36 Scale Mail Armor
24:19 Capped Ram
24:23 Long Swordsman
25:04 Squires
25:21 Heavy Plow
25:34 Bow Saw
26:02 Gold Shaft Mining
26:08 Iron Casting
25:49 Chain Mail Armor
27:04 Hand Cart
34:31 Imperial Age
34:39 Two-Handed Swordsman
36:21 Blast Furnace
35:52 Plate Mail Armor
35:30 Siege Ram
37:47 Two-Man Saw
37:21 Crop Rotation
36:53 Champion
36:54 Pikeman
38:17 Conscription
44:25 Halberdier
46:07 Chemistry
唐尚书右丞王维
0:27 Loom
10:57 Feudal Age
15:40 Castle Age
15:19 Double-Bit Axe
15:26 Horse Collar
18:32 Gold Mining
24:32 Wheelbarrow
24:51 Fortified Wall
30:16 Imperial Age
28:22 Ballistics
27:54 Fletching
28:12 Crossbowman
29:30 Thumb Ring
29:51 Bodkin Arrow
30:21 Padded Archer Armor
31:24 Arbalester
33:49 Leather Archer Armor
33:45 Pikeman
34:27 Scale Mail Armor
34:37 Forging
35:54 Bracer
36:19 Halberdier
37:38 Hand Cart
37:32 Heavy Plow
38:19 Conscription
38:21 Squires
40:19 Chemistry
39:36 Chain Mail Armor
39:56 Iron Casting
41:08 Ring Archer Armor
40:05 Shield Wall
41:06 Bow Saw
41:37 Gold Shaft Mining
43:28 Plate Mail Armor
43:09 Elite Hearth Troop
myth大帝110110110
7:00 Loom
9:26 Feudal Age
13:57 Castle Age
12:10 Double-Bit Axe
15:59 Bow Saw
15:31 Horse Collar
23:34 Scale Mail Armor
29:27 Gold Mining
37:34 Imperial Age
36:29 Gold Shaft Mining
38:20 Wheelbarrow
38:01 Heavy Plow
38:21 Capped Ram
40:44 Conscription
40:04 Elite Varangian Guard
41:28 Arson
42:03 Siege Ram
42:19 Hamask
42:28 Northmen's Fury
42:41 Hamask
44:03 Northmen's Fury
Connection lost

Rejoining the realm…

Still unreachable

The connection could not be restored.

Session expired

The server has moved on; the page needs a fresh start.